 Dungeon Crawl Stone Soup version 0.13-a0-3016-gcb2faac (webtiles) character file.

1666 PolkaDot the Ruinous (level 8, -11/50 HPs)
             Began as a Vampire Wizard on Sept 13, 2013.
             Was a Believer of Vehumet.
             Mangled by an orc warrior
             ... wielding a +0,+0 orcish mace
              (18 damage)
             ... on Level 5 of the Dungeon.
             The game lasted 00:34:40 (6739 turns).

PolkaDot the Ruinous (Vampire Wizard)               Turns: 6739, Time: 00:34:40

HP -11/50        AC  2     Str  6      XL: 8   Next: 38%
MP  15/18        EV 12     Int 22      God: Vehumet [**....]
Gold 297         SH  0     Dex 12      Spells:  5 memorised,  3 levels left

Res.Fire  : . . .   See Invis. : +   d - -1,+2 orc trident (venom)
Res.Cold  : . . .   Warding    : .   a - +0 robe
Life Prot.: + . .   Conserve   : .   (no shield)
Res.Poison: .       Res.Corr.  : .   b - +0 wizard hat (curse)
Res.Elec. : .       Clarity    : .   (no cloak)
Sust.Abil.: . .     Spirit.Shd : .   (no gloves)
Res.Mut.  : .       Stasis     : .   (no boots)
Res.Rott. : .       Flight     : .   (no amulet)
Saprovore : . . .                    m - ring of positive energy
                                     q - ring of sustenance

@: regenerating very quickly, somewhat resistant to hostile enchantments,
stealthy
A: bottle blood, fangs 3, see invisible, unbreathing
a: Bottle Blood, Renounce Religion


You were on level 5 of the Dungeon.
You worshipped Vehumet.
Vehumet was most pleased with you.
You were almost alive.

You visited 1 branch of the dungeon, and saw 6 of its levels.

You collected 277 gold pieces.

Inventory:

Hand weapons
 d - a -1,+2 orcish trident of venom (weapon)
Armour
 a - a +0 robe (worn)
 b - a cursed +0 wizard hat (worn)
Magical devices
 e - a wand of flame (24)
 i - a wand of enslavement (12)
Scrolls
 h - 3 scrolls of teleportation
 j - 5 scrolls of identify
 k - 2 scrolls of remove curse {unknown}
 l - a scroll of enchant weapon II
Jewellery
 m - a ring of positive energy (right hand)
 q - a ring of sustenance (left hand)
Potions
 n - 8 potions of blood
 o - 2 potions of restore abilities
 s - a potion of brilliance
 t - a potion of agility
Books
 c - a book of Minor Magic

   Spells                             Type                      Level
   *Magic Dart                        Conjuration                  1
   Blink                              Translocation                2
   Call Imp                           Summoning                    2
   Repel Missiles                     Charms/Air                   2
   Slow                               Hexes                        2
   *Conjure Flame                     Conjuration/Fire             3
   *Mephitic Cloud                    Conjuration/Poison/Air       3


   Skills:
 - Level 2.1 Dodging
 - Level 3.0 Stealth
 - Level 3.0 Spellcasting
 + Level 6.3 Conjurations
   Level 1.0 Summonings
   Level 0.7 Translocations
 * Level 4.0 Ice Magic
 * Level 4.0 Air Magic


You had 3 spell levels left.
You knew the following spells:

 Your Spells              Type           Power        Failure   Level  Hunger
a - Magic Dart            Conj           ####         1%          1    None
d - Mephitic Cloud        Conj/Pois/Air  ###.....     12%         3    ###....
s - Conjure Flame         Conj/Fire      ###.....     12%         3    ###....
x - Throw Frost           Conj/Ice       ####..       2%          2    ##.....
z - Freeze                Ice            ###.         2%          1    None


Dungeon Overview and Level Annotations

Branches:
Dungeon (6/27)             Temple (0/1) D:4
    Orc: D:6-11

Altars:
Trog
Vehumet
Zin

Shops:
D:2 *

Annotations:
D:2 1 exclusion
D:6 Eustachio


Innate Abilities, Weirdness & Mutations

Your natural rate of healing is extremely fast.
You can bottle blood from corpses.
You have razor-sharp teeth.*
You have supernaturally acute eyesight.
You can survive without breathing.*


Message History

* * * LOW HITPOINT WARNING * * *
The orc wizard hits you but does no damage.
You climb upwards.
There is a stone staircase leading down here.
Casting: Mephitic Cloud
Confirm with . or Enter, or press ? or * to list all spells.
Aiming: Mephitic Cloud
Press: ? - help, Shift-Dir - straight line, f - orc warrior
Aim: an orc warrior, wielding an orcish mace and wearing an orcish chain mail The beam explodes into a vile cloud!
The stinking cloud engulfs the orc warrior.
The stinking cloud engulfs you!
* * * LOW HITPOINT WARNING * * *
The stinking cloud engulfs the orc wizard.
The orc wizard is engulfed in noxious fumes.
The orc wizard appears confused.
The orc warrior is engulfed in noxious fumes.
The orc warrior appears confused.
The orc warrior hits you with an orcish mace!
You die...

......#......#.......######......
......#.....<#...................
......#......#...................
#####.#...)..#...................
#.#......'...................
#.#......#...................
#.#......'.§§.#########......
#.########.§o§# #......
#..........§@§# #......
#.........[.o.# #......
#.............# #......
#.............# #......
#.............#########......
#............................
#####............................
..........######..#######........
.......(..#..).'..#.....#.######.


You could see an orc warrior (confused) and an orc wizard (confused).

Vanquished Creatures
  Edmund (D:5)
  2 phantoms
  An ogre (D:4)
  A sky beast (D:5)
  Sigmund (D:3)
  Blork the orc (D:5)
  A centaur (D:5)
  A hippogriff zombie (D:5)
  A crimson imp (D:5)
  A centaur zombie (D:5)
  3 scorpions
  A hound (D:5)
  A worker ant (D:4)
  5 orc wizards
  Ijyb (D:2)
  8 gnolls
  5 adders
  5 worms
  An adder zombie (D:5)
  A giant eyeball (D:4)
  25 orcs
  2 ball pythons
  16 bats
  15 goblins
  8 hobgoblins
  7 jackals
  2 quokkas (D:3)
  A giant cockroach (D:5)
  2 giant geckos
  2 giant newts
  A goblin zombie (D:5)
  14 kobolds
  An orc skeleton (D:4)
  9 rats
147 creatures vanquished.

Vanquished Creatures (others)
  An orc wizard (D:4)
1 creature vanquished.

Grand Total: 148 creatures vanquished

Notes
Turn   | Place    | Note
--------------------------------------------------------------
     0 | D:1      | PolkaDot, the Vampire Wizard, began the quest for the Orb.
     0 | D:1      | Reached XP level 1. HP: 11/11 MP: 6/6
   133 | D:1      | Reached skill level 1 in Conjurations
   527 | D:1      | Reached XP level 2. HP: 17/17 MP: 6/8
  1122 | D:2      | Found Zin's Purification Station.
  1124 | D:2      | Noticed Ijyb
  1448 | D:2      | Reached XP level 3. HP: 16/22 MP: 2/10
  1460 | D:2      | Found a glowing silver altar of Zin.
  1858 | D:2      | Found a bloodstained altar of Trog.
  2270 | D:2      | Killed Ijyb
  2270 | D:2      | Reached XP level 4. HP: 19/28 MP: 10/12
  2759 | D:3      | Learned a level 3 spell: Conjure Flame
  2763 | D:3      | Learned a level 3 spell: Mephitic Cloud
  3235 | D:3      | Found a radiant altar of Vehumet.
  3247 | D:3      | Reached XP level 5. HP: 21/33 MP: 4/13
  3418 | D:3      | Became a worshipper of Vehumet
  3733 | D:3      | Reached skill level 4 in Conjurations
  4051 | D:3      | Noticed Sigmund
  4068 | D:3      | Killed Sigmund
  4068 | D:3      | Reached XP level 6. HP: 34/39 MP: 2/15
  4530 | D:4      | Acquired Vehumet's first power
  4530 | D:4      | Offered knowledge of Freeze by Vehumet.
  4533 | D:4      | Learned a level 1 spell: Freeze
  4640 | D:4      | Reached skill level 5 in Conjurations
  4793 | D:4      | Reached XP level 7. HP: 14/44 MP: 4/17
  5125 | D:4      | Found a staircase to the Ecumenical Temple.
  5188 | D:4      | Paralysed by a giant eyeball for 3 turns
  5301 | D:4      | Reached skill level 1 in Ice Magic
  5304 | D:4      | Reached skill level 1 in Air Magic
  5408 | D:5      | Entered Level 5 of the Dungeon
  5501 | D:5      | Reached skill level 6 in Conjurations
  5667 | D:5      | Paralysed by a potion of paralysis for 7 turns
  5723 | D:5      | Offered knowledge of Throw Frost by Vehumet.
  5729 | D:5      | Learned a level 2 spell: Throw Frost
  5961 | D:5      | Noticed Blork the orc
  6029 | D:5      | Killed Blork the orc
  6029 | D:5      | Reached XP level 8. HP: 50/50 MP: 4/18
  6384 | D:5      | Noticed Edmund
  6404 | D:5      | Killed Edmund
  6621 | D:6      | Noticed Eustachio
  6739 | D:5      | Mangled by an orc warrior

Action                   |  1- 3 |  4- 6 |  7- 9 || total
-------------------------+-------+-------+-------++-------
Melee: Dagger            |    14 |    20 |       ||    34
       Trident           |       |    49 |    56 ||   105
 Cast: Magic Dart        |   117 |   174 |    97 ||   388
       Mephitic Cloud    |       |     6 |     8 ||    14
       Throw Frost       |       |       |    22 ||    22
       Conjure Flame     |       |       |     5 ||     5
 Abil: Bottle Blood      |       |       |    17 ||    17
  Use: Potion            |     3 |     3 |    14 ||    20
       Scroll            |     7 |       |     8 ||    15
 Stab: Confused          |       |     3 |     2 ||     5
       Sleeping          |       |     2 |     1 ||     3
